Cogmind - Beta 14 *** ADVENTURER MODE // 2024.08.09 @ 16:51:23 Player: Bob Result: Self-destructed Performance ------------- Evolutions (2) 1000 Regions Visited (5) 1000 Robots Destroyed (1) 5 Value Destroyed (2) 2 Prototype IDs (0) 0 Alien Tech Used (0) 0 Bonus (1270) 1270 TOTAL SCORE: 3277 Bonus ------- Unstable Evolution 1000 Pacifist 270 Cogmind --------- Core Integrity 476/550 Matter 278/300 Energy 100/100 System Corruption 0% Temperature Cool (15) Movement Core (50) Location -8/Materials Parts ------- > --- POWER (1) -------- (None) > --- PROPULSION (3) --- (None) > --- UTILITY (3) ------ Targeting Computer > --- WEAPON (4) ------- (None) > --- INVENTORY (5) ---- Light Treads Particle Gun Particle Gun Assault Rifle Peak State ------------ > --- POWER ------------ Ion Engine > --- PROPULSION ------- Aluminum Leg Cesium-ion Thruster > --- UTILITY ---------- Small Storage Unit Targeting Computer > --- WEAPON ----------- Assault Rifle > --- INVENTORY -------- Light Treads Particle Gun Particle Gun Assault Rifle [Rating: 8] Favorites ----------- Power Ion Engine Engine Ion Engine Propulsion Aluminum Leg Leg Aluminum Leg Flight Unit Cesium-ion Thruster Utility Small Storage Unit Storage Small Storage Unit Processor Targeting Computer Weapon Assault Rifle Ballistic Gun Assault Rifle Build | -11 -10 -10 -10 -9 -8 ------- Run | Yrd Mat Min Exi Min Mat Slots Evolved 4 | . . . . . 4 Power . | . . . . . . Propulsion 1 | . . . . . 1 Utility 1 | . . . . . 1 Weapon 2 | . . . . . 2 Parts Attached 8 | 6 1 . . . 1 Power 1 | 1 . . . . . Engine 1 | 1 . . . . . Core . | . . . . . . Reactor . | . . . . . . Propulsion 3 | 2 . . . . 1 Treads . | . . . . . . Leg 2 | 2 . . . . . Wheel . | . . . . . . Hover . | . . . . . . Flight 1 | . . . . . 1 Utility 2 | 1 1 . . . . Device . | . . . . . . Storage 1 | 1 . . . . . Processor 1 | . 1 . . . . Hackware . | . . . . . . Protection . | . . . . . . Artifact . | . . . . . . Weapon 2 | 2 . . . . . Energy Gun . | . . . . . . Energy Cannon . | . . . . . . Ballistic Gun 2 | 2 . . . . . Ballistic Cannon . | . . . . . . Launcher . | . . . . . . Special Weapon . | . . . . . . Impact Weapon . | . . . . . . Slashing Weapon . | . . . . . . Piercing Weapon . | . . . . . . Special Melee Weapon . | . . . . . . Unidentified Prototypes . | . . . . . . Parts Lost 3 | . . . . . 3 Power 1 | . . . . . 1 Propulsion 2 | . . . . . 2 Utility . | . . . . . . Weapon . | . . . . . . Highest Loss Streak 3 | . . . . . 3 To Critical Strikes . | . . . . . . Average Slot Usage (%) 89 | . 95 100 100 100 58 Engine 12 | . 14 14 14 14 8 Leg 25 | . 28 28 28 28 16 Storage 12 | . 14 14 14 14 8 Processor 12 | . 9 14 14 14 9 Ballistic Gun 25 | . 28 28 28 28 16 Peak Build Rating 8 | 6 7 7 7 7 8 Average Rating 6 | 3 6 7 7 7 6 On Entrance 5 | . 6 7 7 7 7 Naked Turns . | . . . . . . Heaviest Build 14 | 14 14 14 14 14 14 Greatest Support 20 | 20 20 20 20 20 20 Greatest Overweight (x) . | . . . . . . Average Overweight (x) . | . . . . . . Largest Inventory Capacity 8 | 8 8 8 8 8 8 Average Capacity 7 | 7 8 8 8 8 7 Most Carried 5 | 5 1 . . . 5 Average Carried . | 1 . . . . 2 Final Capacity 8 | 8 8 8 8 8 5 Final Carried 4 | . . . . . 4 Class Distribution -------------------- 100% | Mutant Dominant Class ---------------- Mutant | -10/Materials Mutant | -10/Mines Mutant | -10/Exiles Mutant | -9/Mines Mutant | -8/Materials Resources | -11 -10 -10 -10 -9 -8 ----------- Run | Yrd Mat Min Exi Min Mat Matter Collected 300 | 246 . 24 . . 30 Remotely . | . . . . . . Salvage Created 60 | . . . . . 60 Parts 3 | . . . . . 3 Haulers Intercepted 1 | . . . . . 1 Recyclers Shooed . | . . . . . . Parts Field Recycled . | . . . . . . Retrieved Matter . | . . . . . . Parts Self-Destructed . | . . . . . . Prevented . | . . . . . . Kills | -11 -10 -10 -10 -9 -8 ------- Run | Yrd Mat Min Exi Min Mat Combat Hostiles Destroyed . | . . . . . . Classes Destroyed 1 | . . . . . 1 Hauler 1 | . . . . . 1 Best Kill Streak 1 | . . . . . 1 Combat Bots Only . | . . . . . . Max Kills in Single Turn 1 | . . . . . 1 Gunslinging . | . . . . . . Exploded . | . . . . . . Melee . | . . . . . . Uniques/NPCs Destroyed . | . . . . . . Combat | -11 -10 -10 -10 -9 -8 -------- Run | Yrd Mat Min Exi Min Mat Hostile Shots Fired 34 | . . . . . 34 Missed 10 | . . . . . 10 Damage Taken 392 | . 30 . . . 362 Core 84 | . 10 . . . 74 Absorbed by Shields . | . . . . . . Ignored by Resistances 111 | . 8 . . . 103 Core Remaining (%) 98 | 100 . . . 96 . Volleys Fired 11 | . . . . . 11 Largest 2 | . . . . . 2 Hottest 40 | . . . . . 40 Shots Fired 19 | . . . . . 19 Gun 19 | . . . . . 19 Cannon . | . . . . . . Launcher . | . . . . . . Special . | . . . . . . Kinetic 19 | . . . . . 19 Thermal . | . . . . . . Explosive . | . . . . . . Electromagnetic . | . . . . . . Robot Hit Streak 9 | . . . . . 9 Robot Miss Streak 1 | . . . . . 1 Penetration Max . | . . . . . . Secondary Targets . | . . . . . . Shots Hit Robots 15 | . . . . . 15 Core Hits 4 | . . . . . 4 Critical Kills . | . . . . . . Critical Parts Destroyed . | . . . . . . Critical Strikes . | . . . . . . Melee Attacks . | . . . . . . Impact . | . . . . . . Slashing . | . . . . . . Piercing . | . . . . . . Sneak Attacks . | . . . . . . Combat Hostiles . | . . . . . . Follow-up Attacks . | . . . . . . Damage Inflicted 194 | . . . . . 194 Guns 194 | . . . . . 194 Cannons . | . . . . . . Explosions . | . . . . . . Melee . | . . . . . . Ramming . | . . . . . . Kinetic 194 | . . . . . 194 Thermal . | . . . . . . Explosive . | . . . . . . Electromagnetic . | . . . . . . Impact . | . . . . . . Slashing . | . . . . . . Piercing . | . . . . . . Highest Corruption . | . . . . . . Average Corruption . | . . . . . . Corruption Purged . | . . . . . . Corruption Blocked . | . . . . . . Overload Shots . | . . . . . . Overflow Damage . | . . . . . . Projectiles . | . . . . . . Explosions . | . . . . . . Melee . | . . . . . . Knockbacks . | . . . . . . Impact . | . . . . . . Kinetic . | . . . . . . Secondary . | . . . . . . Self-Inflicted Damage . | . . . . . . Shots . | . . . . . . Rammed . | . . . . . . Targets Rammed . | . . . . . . Kicked . | . . . . . . Crushed . | . . . . . . Highest Temperature 15 | . . . . . 15 Average Temperature 15 | . . . . . 15 Received Heat Transfer 162 | . . . . . 162 Siege Activations . | . . . . . . Robots Corrupted . | . . . . . . Combat Hostiles . | . . . . . . Parts Fried . | . . . . . . Impact Corruptions . | . . . . . . Robots Melted . | . . . . . . Combat Hostiles . | . . . . . . Parts Melted . | . . . . . . Heat Transferred . | . . . . . . Parts Sabotaged . | . . . . . . Parts Stolen . | . . . . . . Parts Stripped . | . . . . . . Power Chain Reactions . | . . . . . . Alert | -11 -10 -10 -10 -9 -8 ------- Run | Yrd Mat Min Exi Min Mat Peak Influence 67 | . 19 6 . . 67 Initial 6 | . . 6 . . . Average 9 | . 12 6 . . 23 Maximum Alert Level . | . . . . . . Low Security (%) 100 | 100 100 100 . 100 100 Level 1 . | . . . . . . Level 2 . | . . . . . . Level 3 . | . . . . . . Level 4 . | . . . . . . Level 5 . | . . . . . . High Security . | . . . . . . Max Security . | . . . . . . Squads Dispatched 1 | . . . . . 1 Investigation . | . . . . . . Extermination . | . . . . . . Reinforcement 1 | . . . . . 1 Assault . | . . . . . . Garrison . | . . . . . . Intercept . | . . . . . . Searches Triggered . | . . . . . . Construction Impeded . | . . . . . . Haulers Reinforced . | . . . . . . Active Scanning Responses . | . . . . . . Cargo Convoy Interrupts . | . . . . . . Stealth | -11 -10 -10 -10 -9 -8 --------- Run | Yrd Mat Min Exi Min Mat Distress Signals 2 | . 1 . . . 1 Communications Jammed . | . . . . . . Distress Signals . | . . . . . . Times Spotted 20 | . 1 . . . 19 Peak Tracking Total 14 | . 1 . . . 14 Tactical Retreats 1 | . . . . . 1 Traps | -11 -10 -10 -10 -9 -8 ------- Run | Yrd Mat Min Exi Min Mat Traps Triggered 1 | . 1 . . . . Indirectly . | . . . . . . Trap Hack Attempts . | . . . . . . Triggered . | . . . . . . Disarmed . | . . . . . . Reprogrammed . | . . . . . . Reused . | . . . . . . Traps Extracted . | . . . . . . Installed . | . . . . . . Triggered . | . . . . . . Machines | -11 -10 -10 -10 -9 -8 ---------- Run | Yrd Mat Min Exi Min Mat Machines Disabled . | . . . . . . Max in Single Turn . | . . . . . . Machines Repaired . | . . . . . . Machines Dismantled . | . . . . . . Machines Sabotaged . | . . . . . . Overloaded Fab Kills . | . . . . . . Hacking | -11 -10 -10 -10 -9 -8 --------- Run | Yrd Mat Min Exi Min Mat Machines Accessed 2 | . 1 . 1 . . Terminals 1 | . 1 . . . . Fabricators . | . . . . . . Repair Stations . | . . . . . . Recycling Units . | . . . . . . Scanalyzers . | . . . . . . Garrison Access . | . . . . . . Total Hacks 25 | . 2 . 23 . . Successful 25 | . 2 . 23 . . Failed . | . . . . . . Catastrophic . | . . . . . . Database Lockouts . | . . . . . . Manual . | . . . . . . Terminals 2 | . 2 . . . . Fabricators . | . . . . . . Repair Stations . | . . . . . . Recycling Units . | . . . . . . Scanalyzers . | . . . . . . Garrison Access . | . . . . . . Terminal Hacks 25 | . 2 . 23 . . Record 23 | . . . 23 . . Alert Level 1 | . 1 . . . . Zone Layout 1 | . 1 . . . . Fabricator Hacks . | . . . . . . Repair Station Hacks . | . . . . . . Recycling Unit Hacks . | . . . . . . Scanalyzer . | . . . . . . Garrison Access Hacks . | . . . . . . Unauthorized Hacks . | . . . . . . Terminals . | . . . . . . Fabricators . | . . . . . . Repair Stations . | . . . . . . Recycling Units . | . . . . . . Scanalyzers . | . . . . . . Garrison Access . | . . . . . . Data Cores Recovered . | . . . . . . Used . | . . . . . . Hacking Detections . | . . . . . . Full Trace Events . | . . . . . . Feedback Events . | . . . . . . Feedback Blocked . | . . . . . . Robot Schematics Acquired . | . . . . . . Robots Built . | . . . . . . Authchips . | . . . . . . Time . | . . . . . . Total Robot Build Rating . | . . . . . . Part Schematics Acquired . | . . . . . . Parts Built . | . . . . . . Authchips . | . . . . . . Time . | . . . . . . Total Part Build Rating . | . . . . . . Parts Repaired . | . . . . . . Time . | . . . . . . Parts Recycled . | . . . . . . Recycled Matter . | . . . . . . Retrieved Matter . | . . . . . . Retrieved Components . | . . . . . . Parts Scanalyzed . | . . . . . . Part Schematics Acquired . | . . . . . . Parts Damaged . | . . . . . . Bothacking | -11 -10 -10 -10 -9 -8 ------------ Run | Yrd Mat Min Exi Min Mat Used RIF Installer . | . . . . . . Robots Hacked . | . . . . . . Non-combat . | . . . . . . Combat . | . . . . . . Robot Hacks Applied . | . . . . . . Relay Couplers Released . | . . . . . . Fabnet Peak Effective % . | . . . . . . Robots Rewired . | . . . . . . Allies Hacked . | . . . . . . Hacks Repelled . | . . . . . . Allies | -11 -10 -10 -10 -9 -8 -------- Run | Yrd Mat Min Exi Min Mat Total Allies . | . . . . . . Largest Group . | . . . . . . Highest-Rated Group . | . . . . . . Highest-Rated Ally . | . . . . . . Total Orders . | . . . . . . Ally Attacks . | . . . . . . Total Damage . | . . . . . . Kills . | . . . . . . Allies Corrupted . | . . . . . . Allies Melted . | . . . . . . Intel | -11 -10 -10 -10 -9 -8 ------- Run | Yrd Mat Min Exi Min Mat Robot Analysis Total . | . . . . . . Derelict Logs Recovered 1 | . . . . 1 . Drone Launches . | . . . . . . Drone Recoveries . | . . . . . . Exploration | -11 -10 -10 -10 -9 -8 ------------- Run | Yrd Mat Min Exi Min Mat Turns Passed 689 | 47 86 64 180 168 144 Spaces Moved 547 | 42 71 54 151 139 90 Core 20 | 20 . . . . . Treads . | . . . . . . Legs 525 | 22 71 54 151 139 88 Wheels . | . . . . . . Hover . | . . . . . . Flight 2 | . . . . . 2 Fastest Speed 45 | 50 120 120 120 120 45 Average Speed 117 | 86 120 120 120 120 118 Slowest Speed 120 | 120 120 120 120 120 120 Overloaded Moves . | . . . . . . Propulsion Burnouts . | . . . . . . Robots Hopped . | . . . . . . Cave-ins Triggered . | . . . . . . Exploration Rate (%) 25 | 3 26 27 50 32 14 Regions Visited 5 Branch Regions 3 Pre-discovered Areas 2 | . . . 1 1 . Known Exits Taken . | . . . . . . Unknown Exits Taken 5 | 1 1 1 1 1 . Scrap Searched 2 | . . 1 . 1 . Spaces Dug . | . . . . . . Terrain Destroyed . | . . . . . . Melee . | . . . . . . Projectile . | . . . . . . AOE . | . . . . . . Terrain Rammed . | . . . . . . Walls Destroyed . | . . . . . . Machines Disabled . | . . . . . . Actions | -11 -10 -10 -10 -9 -8 --------- Run | Yrd Mat Min Exi Min Mat Total 576 | 52 72 53 150 140 109 Wait 2 | . . . . 2 . Move 542 | 41 70 53 150 138 90 Hop . | . . . . . . Pick Up 11 | 5 1 . . . 5 Fast Attach 1 | 1 . . . . . Attach 7 | 5 1 . . . 1 Detach . | . . . . . . Swap . | . . . . . . Drop 2 | . . . . . 2 Fire 11 | . . . . . 11 Melee . | . . . . . . Ram . | . . . . . . Kick . | . . . . . . Crush . | . . . . . . Escape Stasis . | . . . . . . Rewire . | . . . . . . Trap . | . . . . . . Miscellaneous . | . . . . . . Route ------- -11/Scrapyard -10/Materials -10/Mines -10/Exiles (discovered 2 exits: [*Min x2]) -9/Mines -8/Materials History --------- Turn | Location | Event 11 | -11/Scrapyard | Discovered new exit (range 15) 48 | -11/Scrapyard | Entered Materials 113 | -10/Materials | Discovered new exit (range 12) 121 | -10/Materials | Met 8R-AWN 134 | -10/Materials | Entered Mines 136 | -10/Mines | Followed 8R-AWN into the Mines 193 | -10/Mines | Discovered new exit (range 5) 198 | -10/Mines | Entered Exiles 221 | -10/Exiles | Discovered new exit (range 15) 233 | -10/Exiles | Welcomed by 8R-AWN 257 | -10/Exiles | Met EX-HEX 305 | -10/Exiles | Met EX-DEC 307 | -10/Exiles | Build established: Mutant 315 | -10/Exiles | Learned location of Zion (-7) 363 | -10/Exiles | Discovered new exit (range 14) 378 | -10/Exiles | Entered Mines 402 | -9/Mines | Assembled infested the area 534 | -9/Mines | Discovered new exit (range 8) 546 | -9/Mines | Entered Materials 546 | -8/Materials | Evolved 4 slots: Propulsion x1, Utility x1, Weapon x2 690 | -8/Materials | Self-destructed Last Messages --------------- SECURING TERMINAL." 00585_ ALERT: Hostiles spotted, dispatching reinforcements to Terminal M004. 00598_ A-02 Transporter destroyed. 00601_ Acquired 30 matter. 00604_ Acquired Lgt. Treads. 00607_ Acquired Particle Gun. 00638_ W-25 Informer distress signal alerts nearby ally. 00671_ Assault Rifle severed. 00674_ Aluminum Leg severed. 00675_ Acquired Assault Rifle. 00681_ Dropped Assault Rifle. 00681_ Dropped Sml. Storage Unit. 00682_ Cesium-ion Thruster destroyed. 00686_ M-13 Machinist destroyed. 00686_ R-06 Scavenger collects Wheel. 00689_ Aluminum Leg destroyed. 00689_ Critical hit (Burn: +37). 00689_ Ion Engine destroyed. Map ----- +----------------------------------------------------+ | ?????????????????????????????????????????????????? | | ?????????????????????????????????????????????????? | | ?????????????????????????????????????????????????? | | ?????????????????????????????????????????????????? | | ?????????????????????????????????????????????????? | | ?????????????????????????????????????????????????? | | ?????????????????????????????????????????????????? | | ?????????????????????????????????????????????????? | | ?????????????????????????????????????????????????? | | ?????????????????????????????????????????????????? | | ?????????????????????????????????????????????????? | | ???????????????????????????? s???????????????????? | | ??????????????????????????? s #??????????????????? | | ??????????????????????????? #??????????????????? | | ?????????????????????????? ####???????????????? | | ?????????????????????????? ???????????????? | | ?????????????????????????? ????????????????? | | ?????????????????????????? a?????????????????? | | ??????????????????????????# #?????????????????? | | ?????????????????????###### #########?????????? | | ?????????????????????#== gg u ????????? | | ?????????????????????#== ????????? | | ?????????????????????#]] g " ????????? | | ?????????????????????#]] ggT ! ????????? | | ?????????????????????#[[ " ???????? | | ?????????????????????#[[ @ ???????? | | ?????????????????????##### ???????? | | ?????????????????????????# """ """??????????? | | ?????????????????????????# l """"""""" ???????? | | ?????????????????????????# """"" " #??????? | | ?????????????????????????# g% #??????? | | ?????????????????????????# r #??????? | | ?????????????????????????####Y """ """ #??????? | | ??????????????????????????#""gg""""""""" #??????? | | ??????????????????????????#"T """"" " #??????? | | ??????????????????????????#"" #??????? | | ??????????????????????????### #??????? | | ????????????????????????????# #??????? | | ????????????????????????????# #??????? | | ????????????????????????????# ### ##### #??????? | | ????????????????????????????# #??/#????? #??????? | | ????????????????????????????# #??? ??????????????? | | ????????????????????????????# #???""?????????????? | | ????????????????????????????# #????""?#??????????? | | ????????????????????????????# #?????" #??????????? | | ?????????????################ ##?? #??????????? | | ?????????? # """ #??????????? | | ?????????? / """ #??????????? | | ?????????? # """ #??????????? | | ????????????################## # / ?????????? | +----------------------------------------------------+ Best States ------------- Heat Dissipation 31 Energy Generation 10 Energy Capacity 250 Matter Stores 300 Matter Capacity 300 Sight Range 16 Terrain Scan Density 10 Resistance: KI 20 Resistance: TH 20 Resistance: EX 20 Resistance: EM 20 Resistance: I 20 Resistance: S 20 Resistance: P 20 Evasion (%) 55 Targeting Accuracy 5 Offensive Hacking 10 Item Schematics ----------------- None Robot Schematics ------------------ None Fabricated ------------ Nothing Alien Tech Used ----------------- None Achievements -------------- None Challenges ------------ Unstable Evolution Game ------ Seed HeavyDecoySubcomponent Manual? 0 Play Time 00:07:13 Cumulative 182.4 hours Start 2024.08.09 @ 16:45:53 End 2024.08.09 @ 16:51:23 Sessions 1 Manual Loads 0 Difficulty Adventurer Special Mode None Game No. 285 Rogue 241 Adventurer 44 Explorer 0 Win Type - Total 4 Types 1/1/0/2/0/0/0/0/0 Lore% 29 Gallery% 55 Achievement% 52 Wizard Run 0 Options --------- Layout 1 ASCII 0 Keyboard 0 Movement Mouse Keybinds 0 Fullscreen 1 Font 16/SmallcapsGlow Map View 55x38 Zoom Use 0% Tactical HUD 1 Map Filters NONE Filters NONE Steam 1 RUN: f690e7c6-a436-4e29-a3b6-c0a5d21bcdc7